 Dungeon Crawl Stone Soup version 0.23-a0-151-gf6d1ed2 (webtiles) character file.

1554 Inarius the Slicer (level 9, -10/52 HPs)
             Began as a Kobold Hunter on Sept 7, 2018.
             Was a Believer of Ashenzari.
             Mangled by an orc warrior
             ... wielding a +0 long sword
              (18 damage)
             ... on level 7 of the Dungeon.
             The game lasted 00:19:16 (9577 turns).

Inarius the Slicer (Kobold Hunter)                  Turns: 9577, Time: 00:19:17

Health: -10/52     AC: 11    Str: 12    XL:     9   Next: 12%
Magic:  9/9        EV: 16    Int: 12    God:    Ashenzari [**....]
Gold:   389        SH:  0    Dex: 16    Spells: 8/8 levels left

rFire    . . .     SeeInvis .   J - +2 dagger (vamp)
rCold    + . .     Gourm    .   (shield restricted)
rNeg     . . .     Faith    .   A - +1 ring mail of Adgheiwn {rElec rC+} (curse)
rPois    +         Spirit   .   x - +0 helmet (curse)
rElec    +         Reflect  .   (no cloak)
rCorr    .         Harm     .   (no gloves)
MR       .....                  B - +2 pair of boots (curse)
Stlth    ++........             (no amulet)
HPRegen  0.17/turn              z - ring of stealth (curse)
MPRegen  0.11/turn              r - ring of poison resistance (curse)

@: confused
A: small, carnivore
a: Curse Item, Scrying, Renounce Religion


You were on level 7 of the Dungeon.
You worshipped Ashenzari.
Ashenzari was pleased with you.
You were not hungry.

You visited 1 branch of the dungeon, and saw 8 of its levels.

You collected 389 gold pieces.

Inventory:

Hand Weapons
 a - a +1 hand crossbow
 J - a +2 vampiric dagger (weapon)
Missiles
 d - 11 bolts
 t - 2 throwing nets (quivered)
Armour
 x - a cursed +0 helmet (worn)
 A - the cursed +1 ring mail of Adgheiwn (worn) {rElec rC+}
   (You found it on level 4 of the Dungeon)

   It protects you from cold.
   It insulates you from electricity.
   It has a curse placed upon it.
 B - a cursed +2 pair of boots (worn)
 C - a +2 hat
Jewellery
 c - an uncursed ring of see invisible
 r - a cursed ring of poison resistance (right hand)
 z - a cursed ring of stealth (left hand)
Wands
 y - a wand of flame (43)
Scrolls
 g - a scroll of magic mapping
 m - a scroll of holy word {unknown}
 p - 2 scrolls of teleportation
 q - 3 scrolls of amnesia
 s - a scroll of blinking {unknown}
 u - 2 scrolls of fog
 w - a scroll of noise {unknown}
 I - a scroll of acquirement {unknown}
 K - a scroll of remove curse
Potions
 h - 3 potions of invisibility
 j - a potion of brilliance {unknown}
 l - a potion of haste
 o - 3 potions of lignification
 D - a potion of flight {unknown}
 E - a potion of heal wounds {unknown}
 F - a potion of degeneration {unknown}
Comestibles
 f - 11 rations


   Skills:
 + Level 4.1 Fighting
 * Level 8.9 Short Blades
 + Level 6.1 Crossbows
 + Level 3.1(4.4) Armour
 + Level 4.7(6.1) Dodging
 * Level 6.1 Stealth
 * Level 1.0(1.9) Evocations


You had 8 spell levels left.
You didn't know any spells.
Your spell library was empty.

Dungeon Overview and Level Annotations

Branches:
Dungeon (8/15)             Temple (0/1) D:6
   Lair: D:8-11

Altars:
Ashenzari
Fedhas
Hepliaklqana
Kikubaaqudgha
Nemelex Xobeh
Qazlal
Uskayaw
Vehumet
Jiyva

Annotations:
D:8 1 transporter, Erica


Innate Abilities, Weirdness & Mutations

You are small and have problems with some larger weapons.
You are carnivorous and can eat meat at any time.


Message History

You feel yourself slow down.
It was a potion of curing.
You feel better.
The orc warrior hits you with a long sword!
* * * LOW HITPOINT WARNING * * *
You hit the orc warrior but do no damage.
The orc warrior is moderately wounded.
You hit the orc warrior.
The orc warrior is heavily wounded.
The orc warrior closely misses you.
You barely miss the orc warrior.
The orc warrior is heavily wounded.
You hit the orc warrior.
The orc warrior is heavily wounded.
The orc warrior hits you with a long sword!
* * * LOW HITPOINT WARNING * * *
It was a potion of ambrosia.
You are confused.
You feel invigorated.
The orc warrior hits you with a long sword!!
You die...

#############
#...........#
##.......§...#
.............#
........§....#####
.............'((>#
........§....###o#
##........§§§# #@#
.........§§§§# #.#
..##############.########
........................#
..##############.######.#
..........# #.# #.#
..........# #.# #.#
..........# #.######.#
########### #......#.#


You could see an orc warrior.

Vanquished Creatures
  A hippogriff (D:7)
  An orc warrior (D:4)
  2 ogres
  A centaur (D:7)
  A bullfrog (D:7)
  A howler monkey (D:6)
  4 crimson imps
  4 orc priests (D:6)
  3 hounds
  3 bullfrog skeletons
  A centaur skeleton (D:4)
  3 iguanas (D:6)
  An orc wizard (D:5)
  4 worker ants
  A worker ant zombie (D:4)
  12 adders
  3 gnolls
  2 shadow imps
  An ooze (D:3)
  2 adder skeletons (D:8)
  2 worms (D:2)
  A dart slug (D:1)
  8 leopard geckos
  9 orcs
  3 ball pythons
  5 giant cockroaches
  A goblin (D:3)
  6 hobgoblins
  5 jackals
  3 kobolds
  3 quokkas
  12 bats
  4 frilled lizards
  A leopard gecko skeleton (D:4)
  9 rats
123 creatures vanquished.

Notes
Turn   | Place    | Note
-------+----------+-------------------------------------------
     0 | D:1      | Inarius the Kobold Hunter began the quest for the Orb.
     0 | D:1      | Reached XP level 1. HP: 12/12 MP: 1/1
    87 | D:1      | Reached skill level 5 in Crossbows
   435 | D:1      | Reached XP level 2. HP: 14/17 MP: 2/2
   759 | D:1      | Reached skill level 1 in Short Blades
   779 | D:1      | Found a shattered altar of Ashenzari.
   808 | D:1      | Became a worshipper of Ashenzari the Shackled
   825 | D:1      | Reached XP level 3. HP: 22/22 MP: 3/3
  1519 | D:2      | Found a sparkling altar of Nemelex Xobeh.
  1521 | D:2      | Found a hazy altar of Hepliaklqana.
  2128 | D:3      | Reached skill level 2 in Short Blades
  2130 | D:3      | Noticed a dagger
  2131 | D:3      | Found a hide-covered altar of Uskayaw.
  2131 | D:3      | Noticed a hand axe
  2165 | D:3      | Reached XP level 4. HP: 26/27 MP: 4/4
  2635 | D:3      | Reached skill level 3 in Short Blades
  2831 | D:3      | Reached XP level 5. HP: 29/31 MP: 5/5
  2892 | D:3      | Found an ancient bone altar of Kikubaaqudgha.
  3219 | D:4      | Reached skill level 4 in Short Blades
  3225 | D:4      | Reached skill level 1 in Armour
  3339 | D:4      | Reached * piety under Ashenzari
  3387 | D:4      | Found a radiant altar of Vehumet.
  3405 | D:4      | Found a blossoming altar of Fedhas.
  3419 | D:4      | Noticed an ogre
  3445 | D:4      | Killed an ogre
  3445 | D:4      | Reached skill level 5 in Short Blades
  3445 | D:4      | Reached XP level 6. HP: 19/36 MP: 6/6
  3446 | D:4      | Found a stormy altar of Qazlal.
  3678 | D:4      | Got the cursed ring mail of Adgheiwn {rElec rC+}
  3689 | D:4      | Identified the cursed +1 ring mail of Adgheiwn {rElec rC+}
                  | (You found it on level 4 of the Dungeon)
  3998 | D:5      | Entered Level 5 of the Dungeon
  4165 | D:5      | Reached XP level 7. HP: 41/41 MP: 7/7
  4177 | D:5      | Reached skill level 6 in Short Blades
  4639 | D:5      | Reached ** piety under Ashenzari
  5154 | D:6      | Found a staircase to the Ecumenical Temple.
  5733 | D:5      | HP: 2/41 [orc warrior/mace (16)]
  6454 | D:4      | Reached skill level 7 in Short Blades
  6454 | D:4      | Reached XP level 8. HP: 12/46 MP: 8/8
  6753 | D:6      | Reached skill level 5 in Stealth
  6883 | D:6      | HP: 2/46 [orc priest/divine providence (15)]
  8043 | D:7      | Reached skill level 8 in Short Blades
  8098 | D:7      | Noticed a hippogriff
  8120 | D:7      | Killed a hippogriff
  8120 | D:7      | Reached XP level 9. HP: 26/52 MP: 9/9
  8849 | D:8      | Found a viscous altar of Jiyva.
  8850 | D:8      | Identified the ring "Cutaxet" {+Blink Int+6 Dex+3}
  8991 | D:8      | Found a transporter.
  9071 | D:8      | Noticed Erica
  9287 | D:8      | Reached skill level 1 in Evocations
  9577 | D:7      | Mangled by an orc warrior

Vault maps used:
D:1:      nagdon_arrival_double_spiral, serial_forest,
          infiniplex_forest_lined_room_3, infiniplex_forest_corner_1,
          infiniplex_forest_straight_3, infiniplex_forest_lined_3,
          infiniplex_forest_pool, infiniplex_forest_corner_2,
          evilmike_ruin_ashenzari
D:2:      chequers_temple_overflow_statue_of_worship
D:3:      dancing_weapons_uskayaw, nicolae_overflow_crystal_walls,
          minmay_close_crescents
D:4:      grunt_qazlal_clouds, fedhas_altar_2, vehumet_altar_wand_db,
          first_ration
D:6:      temple_doors_cd
D:8:      gammafunk_jiyva_shrine, makhleb_blood_cavern_becter,
          david_lair_generic, uniq_erica

Skill      XL: |  1  2  3  4  5  6  7  8  9 |
---------------+----------------------------+-----
Crossbows      | 5 6 |  6.1
Short Blades   | 1 2 3 5 7 8 |  8.9
Dodging        | 3 4 |  4.7
Stealth        | 2 3 4 6 |  6.1
Armour         | 1 3 |  3.1
Fighting       | 3 4 |  4.1
Evocations     | 1 |  1.0

Action                   |  1- 3 |  4- 6 |  7- 9 || total
-------------------------+-------+-------+-------++-------
Melee: Short sword       |   147 |   199 |   207 ||   553
       Dagger            |       |       |   307 ||   307
 Fire: Hand crossbow     |     7 |    19 |    24 ||    50
Invok: Curse Item        |     1 |     3 |     1 ||     5
Evoke: Wand              |       |       |     8 ||     8
  Use: Potion            |       |     1 |     5 ||     6
       Scroll            |       |     3 |    11 ||    14
 Stab: Sleeping          |     2 |     3 |     7 ||    12
  Eat: Chunk             |    12 |     7 |    19 ||    38
Armor: Leather armour    |    16 |       |       ||    16
       Ring mail         |    26 |    62 |    79 ||   167
Dodge: Dodged            |   126 |   174 |   255 ||   555

Table legend:
 A = Non-vault XP
 B = Vault XP
 C = Vault XP percentage of total XP
 D = Non-vault monster count
 E = Vault monster count
 F = Vault count percentage of total count
                 A         B        C        D         E       F
            +---------+---------+-------+---------+---------+-------
      Total |    2206 |      14 |   0.6 |     118 |       5 |   4.1
            +---------+---------+-------+---------+---------+-------
        D:1 |      34 |       0 |   0.0 |      19 |       0 |   0.0
        D:2 |      27 |       0 |   0.0 |      11 |       0 |   0.0
        D:3 |      90 |      12 |  11.8 |      25 |       4 |  13.8
        D:4 |     465 |       2 |   0.4 |      15 |       1 |   6.2
        D:5 |     329 |       0 |   0.0 |      11 |       0 |   0.0
        D:6 |     417 |       0 |   0.0 |      18 |       0 |   0.0
        D:7 |     752 |       0 |   0.0 |      12 |       0 |   0.0
        D:8 |      92 |       0 |   0.0 |       7 |       0 |   0.0
            +---------+---------+-------+---------+---------+-------
